[Event "Team 45 45 League T60"]
[Site "Internet Chess Club"]
[Date "2014.03.09"]
[Round "2"]
[White "parrot9"]
[Black "GoIrish"]
[Result "1-0"]
[WhiteElo "1667"]
[BlackElo "1559"]
[Opening "Alekhine's defense: modern variation"]
[ECO "B04"]
[Time "14:01:58"]
[TimeControl "2700+45"]

1. e4 Nf6 2. e5 Nd5 3. d4 d6 4. Nf3 Nc6 5. Bb5 Bd7 6. exd6 exd6 7. O-O Be7 8.
Re1 O-O 9. c4 Nb6 10. Nbd2 d5 11. c5 Nc8 12. Nf1 Bf6 13. Be2 N8e7 14. Ng3 Bg4
15. Be3 Ng6 16. h3 Be6 17. Qd2 a5 18. a3 a4 19. Nh5 h6 20. Nf4 Nxf4 21. Bxf4 Bf5
22. Bd3 Bxd3 23. Qxd3 Na5 24. Ne5 c6 25. Ng4 g5 26. Nxh6+ Kg7 27. Nf5+ Kh8 28.
Be5 Nc4 29. Qf3 Nxe5 30. dxe5 Bxe5 31. Qh5+ Kg8 32. Rxe5 Qf6 33. Nh6+ Kg7 34.
Rxg5+ Kh7 35. Ng4+ {Black resigns} 1-0

[Event "Team 45 45 League T60"]
[Site "Internet Chess Club"]
[Date "2014.03.10"]
[Round "2"]
[White "BrerRabbit"]
[Black "rkaebi"]
[Result "1/2-1/2"]
[WhiteElo "1516"]
[BlackElo "1394"]
[Opening "Colle system"]
[ECO "D05"]
[Time "14:08:04"]
[TimeControl "2700+45"]

1. d4 d5 2. Nf3 e6 3. e3 Nf6 4. Bd3 c5 5. c3 Nc6 6. Nbd2 c4 7. Bc2 Bd6 8. O-O
O-O 9. e4 dxe4 10. Nxe4 Nxe4 11. Bxe4 Ne7 12. Qe2 Qc7 13. Re1 Rb8 14. Bc2 b5 15.
a3 Bb7 16. h3 Rfe8 17. Bd2 Ng6 18. Bxg6 fxg6 19. Ne5 Bxe5 20. Qxe5 Qxe5 21. Rxe5
Bd5 22. Bf4 Rb7 23. Rae1 Rf8 24. Bg3 Rbf7 {Game drawn by mutual agreement}
1/2-1/2

[Event "Team 45 45 League T60"]
[Site "Internet Chess Club"]
[Date "2014.03.07"]
[Round "2"]
[White "kyoroogi"]
[Black "Pomberito"]
[Result "1-0"]
[WhiteElo "2199"]
[BlackElo "2146"]
[Opening "Sicilian: dragon, Yugoslav attack, Rauser variation"]
[ECO "B76"]
[Time "19:35:52"]
[TimeControl "2700+45"]

1. e4 c5 2. Nf3 d6 3. d4 cxd4 4. Nxd4 Nf6 5. Nc3 g6 6. Be3 Bg7 7. f3 O-O 8. Qd2
Nc6 9. O-O-O Bd7 10. g4 Rc8 11. h4 Ne5 12. h5 Bxg4 13. fxg4 Nexg4 14. hxg6 hxg6
15. Bh3 Nxe3 16. Qxe3 Rc5 17. Ne6 fxe6 18. Bxe6+ Rf7 19. Qxc5 {Black resigns}
1-0

[Event "Team 45 45 League T60"]
[Site "Internet Chess Club"]
[Date "2014.03.08"]
[Round "2"]
[White "LuxAeterna"]
[Black "Otelo"]
[Result "1-0"]
[WhiteElo "2070"]
[BlackElo "1837"]
[Opening "Sicilian: Scheveningen, Keres attack"]
[ECO "B81"]
[Time "17:00:20"]
[TimeControl "2700+45"]

1. e4 c5 2. Nf3 e6 3. d4 cxd4 4. Nxd4 Nf6 5. Nc3 d6 6. g4 a6 7. g5 Nfd7 8. Be3
Be7 9. Qh5 g6 10. Qh6 Bf8 11. Qh4 h5 12. f4 e5 13. Nf3 exf4 14. Qxf4 Nc6 15. Nd5
Qa5+ 16. Bd2 Qd8 17. Bc3 Rg8 18. Bc4 Bg7 19. Bxg7 Rxg7 20. Qxd6 Qa5+ 21. b4
{Black resigns} 1-0

[Event "Team 45 45 League T60"]
[Site "Internet Chess Club"]
[Date "2014.03.09"]
[Round "2"]
[White "alexping"]
[Black "iletrado"]
[Result "0-1"]
[WhiteElo "1845"]
[BlackElo "1875"]
[Opening "QGD: classical variation (5.Bf4)"]
[ECO "D37"]
[Time "09:06:04"]
[TimeControl "2700+45"]

1. d4 d5 2. c4 e6 3. Nf3 Nf6 4. Nc3 Be7 5. Bf4 c6 6. e3 Nbd7 7. Bd3 dxc4 8. Bxc4
Nd5 9. Nxd5 exd5 10. Bd3 Nf6 11. h3 Qa5+ 12. Ke2 O-O 13. Qc2 c5 14. b3 b6 15.
Ne5 Bb7 16. f3 Rac8 17. dxc5 bxc5 18. Bf5 Rcd8 19. Rhd1 Rfe8 20. Kf2 Bd6 21. Nc4
dxc4 22. Rxd6 Rxd6 23. Bxd6 cxb3 24. Qb2 c4 25. axb3 Qxf5 26. bxc4 Ne4+ 27. Kg1
Nxd6 28. Qd4 Qe5 29. Rxa7 Qxd4 30. exd4 Ra8 {White resigns} 0-1

[Event "Team 45 45 League T60"]
[Site "Internet Chess Club"]
[Date "2014.03.10"]
[Round "2"]
[White "Heian"]
[Black "bobhill"]
[Result "1-0"]
[WhiteElo "1934"]
[BlackElo "1931"]
[Opening "Sicilian"]
[ECO "B50"]
[Time "20:01:04"]
[TimeControl "2700+45"]

1. e4 c5 2. Nf3 d6 3. Bc4 Nf6 4. d3 Nc6 5. h3 a6 6. c3 b5 7. Bb3 Qc7 8. Bc2 g6
9. O-O Bg7 10. Bf4 e5 11. Be3 Nh5 12. Qc1 Be6 13. Nh2 Qe7 14. Bd1 Nf4 15. Bxf4
exf4 16. Qxf4 Ne5 17. Qd2 h5 18. f4 Nxd3 19. Be2 c4 20. Bxd3 cxd3 21. b3 Rc8 22.
Qxd3 b4 23. f5 Qa7+ 24. Kh1 Bd7 25. f6 Bh6 26. c4 O-O 27. Nd2 Rfd8 28. Ndf3 a5
29. Rad1 a4 30. Qd4 Qa8 31. Rfe1 Bf4 32. Qf2 Bc6 33. Nd4 Bxe4 34. Qxf4 Bxg2+ 35.
Kg1 Bxh3 36. Nhf3 Rc5 37. Qh6 Rg5+ 38. Qxg5 Kh7 39. Re7 Rf8 40. Nh4 axb3 41.
Qxg6+ {Black resigns} 1-0

[Event "Team 45 45 League T60"]
[Site "Internet Chess Club"]
[Date "2014.03.08"]
[Round "2"]
[White "gump12345"]
[Black "TerryMalloy"]
[Result "0-1"]
[WhiteElo "2018"]
[BlackElo "1874"]
[Opening "Sicilian: Najdorf, 6.Bg5"]
[ECO "B94"]
[Time "15:37:28"]
[TimeControl "2700+45"]

1. e4 c5 2. Nf3 d6 3. d4 cxd4 4. Nxd4 Nf6 5. Nc3 a6 6. Bg5 Nbd7 7. Qe2 b5 8. Nd5
Bb7 9. Nxf6+ Nxf6 10. Bxf6 gxf6 11. O-O-O Rc8 12. g3 Bg7 13. Bh3 e6 14. Rhe1 O-O
15. Qh5 Qc7 16. Kb1 f5 17. c3 Bxe4+ 18. Ka1 b4 19. Re3 bxc3 20. Rxc3 Qb6 21. Qg5
Rxc3 22. bxc3 Rb8 23. Qc1 Qc5 24. Qd2 Rc8 25. Kb2 Qb6+ 26. Ka1 Qa5 27. Kb2 Qa4
28. Rc1 Bd5 29. Nb3 Rb8 30. Qc2 a5 31. Bf1 Qc6 32. Ka1 Bxb3 33. axb3 Qc5 34. Qb2
a4 35. b4 Rxb4 {White resigns} 0-1

[Event "Team 45 45 League T60"]
[Site "Internet Chess Club"]
[Date "2014.03.10"]
[Round "2"]
[White "SaltofLife"]
[Black "perikitosax"]
[Result "1/2-1/2"]
[WhiteElo "1874"]
[BlackElo "1963"]
[Opening "Queen's pawn game"]
[ECO "D02"]
[Time "15:05:22"]
[TimeControl "2700+45"]

1. d4 d5 2. Nf3 e6 3. c4 c5 4. cxd5 exd5 5. g3 Nc6 6. Bg2 Nf6 7. O-O Be7 8. Be3
c4 9. Ne5 O-O 10. Nxc6 bxc6 11. b3 cxb3 12. axb3 Bf5 13. Nc3 Qd7 14. Bf4 Rfe8
15. Bc1 Bb4 16. Na4 Qe6 17. e3 Bh3 18. Ba3 Bxa3 19. Rxa3 Ne4 20. Qe2 Bxg2 21.
Kxg2 Ng5 22. Nc5 Qf5 23. Rfa1 Re7 24. Ra6 Rc7 25. R1a3 g6 26. h4 Ne4 27. Nxe4
Qxe4+ 28. Qf3 f5 29. R3a5 Kf7 30. Rc5 Rac8 31. Qxe4 fxe4 32. Rca5 Ra8 33. Rc5
Rac8 {Game drawn by mutual agreement} 1/2-1/2

[Event "Team 45 45 League T60"]
[Site "Internet Chess Club"]
[Date "2014.03.10"]
[Round "2"]
[White "laurenpar"]
[Black "fledermaus"]
[Result "1/2-1/2"]
[WhiteElo "1916"]
[BlackElo "1964"]
[Opening "English: Wimpey system"]
[ECO "A13"]
[Time "09:12:57"]
[TimeControl "2700+45"]

1. Nf3 d5 2. c4 e6 3. b3 Nf6 4. Bb2 c5 5. e3 Nc6 6. g3 dxc4 7. bxc4 Be7 8. Bg2
Qd3 9. Bf1 Qd7 10. Bg2 Qd3 11. Bf1 Qd7 12. Bg2 Qd3 13. Bf1 {Game drawn by
repetition} 1/2-1/2

[Event "Team 45 45 League T60"]
[Site "Internet Chess Club"]
[Date "2014.03.08"]
[Round "2"]
[White "jonesey"]
[Black "arhrid"]
[Result "1/2-1/2"]
[WhiteElo "1877"]
[BlackElo "1794"]
[Opening "Four knights: symmetrical variation"]
[ECO "C49"]
[Time "10:14:44"]
[TimeControl "2700+45"]

1. e4 e5 2. Nf3 Nc6 3. Nc3 Nf6 4. Bb5 Bb4 5. O-O O-O 6. d3 d6 7. Bg5 Bxc3 8.
bxc3 Bd7 9. Rb1 a6 10. Ba4 b5 11. Bb3 Na5 12. d4 Nxb3 13. dxe5 dxe5 14. cxb3 Qe7
15. Bxf6 gxf6 16. Nh4 Kh8 17. Qf3 Rg8 18. Nf5 Bxf5 19. Qxf5 Rg5 20. Qf3 Qe6 21.
Rbd1 Rag8 22. Rd3 Qc6 23. g3 f5 24. Re1 f4 25. Kh1 Qh6 26. gxf4 Rg2 27. Qxg2
Rxg2 28. Kxg2 Qxf4 29. Rf3 Qd2 30. Ree3 Kg7 31. Rd3 Qxa2 32. Rd7 Qxb3 33. Rxc7
Qe6 {Game drawn by mutual agreement} 1/2-1/2

[Event "Team 45 45 League T60"]
[Site "Internet Chess Club"]
[Date "2014.03.07"]
[Round "2"]
[White "backrankbrawler"]
[Black "MBAStudent"]
[Result "1-0"]
[WhiteElo "1798"]
[BlackElo "1727"]
[Opening "Trompowsky attack (Ruth, Opocenský opening)"]
[ECO "A45"]
[Time "12:32:43"]
[TimeControl "2700+45"]

1. d4 Nf6 2. Bg5 c5 3. Bxf6 exf6 4. d5 d6 5. c4 Be7 6. e3 f5 7. Bd3 Bf6 8. Qc2
Na6 9. a3 Qa5+ 10. Nc3 Nb4 11. Qb1 Nxd3+ 12. Qxd3 Qb6 13. Qc2 Bd7 14. Nge2 O-O
15. O-O a6 16. Rab1 Qd8 17. Qd3 Be5 18. g3 Qc7 19. b4 Rfc8 20. bxc5 Qxc5 21.
Rxb7 Be8 22. Qxf5 Qxc4 23. Rc1 Rcb8 24. Rxb8 Rxb8 25. f4 g6 26. Qe4 Qxe4 27.
Nxe4 Bb2 28. Rb1 Ba4 29. Nd4 Rb6 30. Nc3 Bd7 31. Ne4 Kg7 32. Nc3 Rb7 33. Nd1
{Black resigns} 1-0

[Event "Team 45 45 League T60"]
[Site "Internet Chess Club"]
[Date "2014.03.10"]
[Round "2"]
[White "kidcobra"]
[Black "amicusUK"]
[Result "1/2-1/2"]
[WhiteElo "1810"]
[BlackElo "1646"]
[Opening "French: exchange variation"]
[ECO "C01"]
[Time "15:00:43"]
[TimeControl "2700+45"]

1. e4 e6 2. d4 d5 3. exd5 exd5 4. Bd3 Nc6 5. Nf3 Bd6 6. h3 Nge7 7. Qe2 Nb4 8.
Nc3 Nxd3+ 9. Qxd3 c6 10. Bg5 f6 11. Be3 Bf5 12. Qd2 Qd7 13. O-O-O O-O-O 14. Bf4
Bg6 15. Rhe1 Rhe8 16. Re2 Nf5 17. g4 Rxe2 18. Nxe2 Ne7 19. Bxd6 Qxd6 20. Qf4 Bf7
21. Qxd6 Rxd6 22. Nf4 g5 23. Nd3 b6 24. Re1 Re6 25. Rxe6 Bxe6 26. Kd2 Kd7 27.
Ke3 Ng6 28. Nh2 f5 29. f3 f4+ 30. Ke2 Kd6 31. b4 Bc8 32. a4 Ba6 33. Kd2 Bxd3 34.
Kxd3 c5 35. bxc5+ bxc5 36. Nf1 c4+ 37. Kc3 a5 38. Kd2 Ne7 39. Kc3 Nc8 40. Kb2
Nb6 41. Ka3 Ke6 42. Nd2 Nc8 43. Kb2 Nb6 44. Ka3 Nd7 45. Nb1 Kd6 46. Nc3 Nf8 47.
Nb5+ Kc6 48. Nc3 Ng6 49. Ne2 Nh4 50. Ng1 Ng2 51. Kb2 Ne3 52. Ne2 Ng2 53. Ng1 Nh4
54. Kc3 Ng6 55. Ne2 Ne7 56. Kb2 Kd6 57. c3 Ng6 58. Kc2 Nh4 59. Ng1 Ng2 60. Kd2
Nh4 61. Kc2 Ng2 62. Kd2 Nh4 63. Ke2 Ng6 64. Kd2 Ne7 65. Kc2 Nc8 66. Kb2 Nb6 67.
Ka3 Nc8 68. Ne2 Ne7 69. Kb2 Ng6 70. Kc2 Ne7 71. Kb2 Ng6 72. Kc2 Kc6 73. Kb2 Nh4
74. Ng1 Ng2 75. Kc2 Kd6 76. Kd2 Nh4 77. Kc2 Kc6 78. Kd2 Ng6 79. Ne2 Kd6 80. Kc2
Ne7 81. Kb2 Ng6 82. Kc2 Nh4 83. Ng1 Ng2 84. Kd2 Ne3 85. Ne2 Kc6 86. h4 h6 87.
hxg5 hxg5 88. Ng1 Ng2 89. Nh3 Nh4 90. Nxg5 Kd6 91. Ke2 Ke7 92. Nh3 Ng6 93. Kf2
Kf6 94. Ng1 Kg5 95. Nh3+ Kf6 96. Ng1 Kg5 97. Ne2 Ne7 98. Ng1 Ng6 99. Nh3+ Kf6
100. Ke2 Ke6 101. Kf2 Kf6 102. Kg1 Ke6 103. Kh2 Kf6 104. Kg1 Ke6 105. Kf2 Kf6
106. Ng1 Kg5 107. Nh3+ Kf6 108. Ng1 Kg5 109. Ne2 Kf6 110. Nc1 Ne7 {Game drawn by
mutual agreement} 1/2-1/2

[Event "Team 45 45 League T60"]
[Site "Internet Chess Club"]
[Date "2014.03.08"]
[Round "2"]
[White "losscause"]
[Black "John3v16"]
[Result "1/2-1/2"]
[WhiteElo "1601"]
[BlackElo "1611"]
[Opening "Queen's pawn: London system"]
[ECO "A45"]
[Time "23:02:20"]
[TimeControl "2700+45"]

1. d4 Nf6 2. Bf4 d5 3. e3 e6 4. Nd2 Bb4 5. c3 Ba5 6. Bd3 O-O 7. Ngf3 Nbd7 8. Ne5
Nxe5 9. dxe5 Nd7 10. Qh5 g6 11. Qh6 Qe7 12. Nf3 f6 13. exf6 Nxf6 14. Ne5 Qg7 15.
Qg5 c5 16. Qh6 Nh5 17. Qxg7+ Kxg7 18. Bg3 Bc7 19. Nf3 Nxg3 20. hxg3 e5 21. e4 c4
22. Bc2 dxe4 23. Bxe4 Rb8 24. Nd2 b5 25. f3 Bb6 26. Ke2 Be6 27. a3 Bd8 28. Rad1
Bg5 29. g4 Rb6 30. Nf1 Rd8 31. Rxd8 Bxd8 32. Ng3 Rd6 33. Bc2 Bg5 34. Rd1 Rd5 35.
Ne4 {Game drawn by mutual agreement} 1/2-1/2

[Event "Team 45 45 League T60"]
[Site "Internet Chess Club"]
[Date "2014.03.09"]
[Round "2"]
[White "semperfi"]
[Black "JeffH"]
[Result "0-1"]
[WhiteElo "1384"]
[BlackElo "1576"]
[Opening "King's Indian: Kazakh variation"]
[ECO "E91"]
[Time "12:00:20"]
[TimeControl "2700+45"]

1. d4 Nf6 2. Nf3 g6 3. c4 Bg7 4. Nc3 d6 5. e4 O-O 6. Be2 Na6 7. O-O e5 8. d5 Nc5
9. Bg5 h6 10. Bxf6 Qxf6 11. Nb5 Qe7 12. Qc2 f5 13. Nc3 fxe4 14. Nxe4 Nxe4 15.
Qxe4 Bf5 16. Qe3 a6 17. Qb3 e4 18. Nd2 Qg5 19. f4 Qf6 20. Qxb7 Qd4+ 21. Kh1 Qxd2
22. Bd1 Rab8 23. Qa7 Rxb2 24. Qf2 Qxf2 25. Rxf2 Rxf2 26. Kg1 Bd4 {White resigns}
0-1

[Event "Team 45 45 League T60"]
[Site "Internet Chess Club"]
[Date "2014.03.08"]
[Round "2"]
[White "zugknightly"]
[Black "frank001"]
[Result "1/2-1/2"]
[WhiteElo "1871"]
[BlackElo "1818"]
[Opening "QGD: 3.Nc3"]
[ECO "D31"]
[Time "06:08:22"]
[TimeControl "2700+45"]

1. d4 d5 2. c4 e6 3. Nc3 f5 4. g3 c6 5. cxd5 exd5 6. Bg2 Nf6 7. Nf3 Bd6 8. O-O
O-O 9. Nd2 Ne4 10. Ndxe4 fxe4 11. f3 exf3 12. exf3 Bf5 13. a3 Nd7 14. Ne2 Qf6
15. Bf4 Rae8 16. Bxd6 Qxd6 17. Qd2 Nb6 18. b3 Re7 19. Rfe1 Rfe8 20. a4 Qf6 21.
Rad1 h6 22. Kf1 g5 23. Nc1 Qg6 24. Rxe7 Rxe7 25. Re1 Rxe1+ 26. Qxe1 Bd3+ 27. Kf2
Kf7 28. Qe5 Ba6 29. Qc7+ Kg8 30. Qd8+ Kg7 31. Qe7+ Kg8 32. Qd8+ Kg7 33. Qe7+ Kg8
{Game drawn by mutual agreement} 1/2-1/2

[Event "Team 45 45 League T60"]
[Site "Internet Chess Club"]
[Date "2014.03.11"]
[Round "2"]
[White "dabodhi"]
[Black "rayonline53"]
[Result "1-0"]
[WhiteElo "1409"]
[BlackElo "1494"]
[Opening "Caro-Kann: two knights variation"]
[ECO "B11"]
[Time "16:03:41"]
[TimeControl "2700+45"]

1. e4 c6 2. Nc3 d5 3. Nf3 dxe4 4. Nxe4 Bf5 5. Ng3 Bg6 6. h4 h6 7. Ne5 Bh7 8. Qf3
Nf6 9. Qb3 e6 10. Qxb7 Nbd7 11. Qxc6 Rc8 12. Qa4 Bd6 13. Nxd7 Nxd7 14. Bd3 O-O
15. Bxh7+ Kxh7 16. Qe4+ Kg8 17. b3 Qc7 18. Qd3 Ne5 19. Qe4 f5 20. Qe2 Qxc2 21.
O-O Qd3 22. Bb2 Qxe2 23. Nxe2 Nd3 24. Bc3 Bb4 25. Nd4 Bxc3 26. dxc3 Rxc3 27.
Nxe6 Re8 28. Nd4 Rc5 29. Rad1 Nb4 30. Rfe1 Rxe1+ 31. Rxe1 Nxa2 32. Re7 a5 33.
Ne6 Rc1+ 34. Kh2 g5 35. hxg5 hxg5 36. Rg7+ Kh8 37. Rxg5 Re1 38. Nf8 Re5 39. Ng6+
{Black resigns} 1-0

[Event "Team 45 45 League T60"]
[Site "Internet Chess Club"]
[Date "2014.03.08"]
[Round "2"]
[White "Signalman"]
[Black "JOFRAN"]
[Result "1/2-1/2"]
[WhiteElo "1672"]
[BlackElo "1258"]
[Opening "Dutch"]
[ECO "A80"]
[Time "09:07:22"]
[TimeControl "2700+45"]

1. d4 f5 2. Bf4 e6 3. e3 Nf6 4. Bd3 d5 5. Nf3 c6 6. Nbd2 Bd6 7. Bg3 O-O 8. Qe2
c5 9. c3 Nc6 10. Ne5 Qe7 11. Ndf3 Bd7 12. Nxd7 Nxd7 13. Bb5 Rac8 14. Bxc6 bxc6
15. Bxd6 Qxd6 16. O-O Rb8 17. b3 Rb7 18. Rad1 e5 19. dxe5 Nxe5 20. Nxe5 Qxe5 21.
Qa6 Qc7 22. Rfe1 Rbb8 23. c4 Rfd8 24. Qa3 Qb6 25. cxd5 cxd5 26. Rc1 Rbc8 27.
Red1 Kf7 28. Qb2 Qe6 29. Qe2 Qh6 30. Rd3 Rd7 31. Rdc3 Rdc7 32. Qf3 Qe6 33. Rd1
Rd8 34. Qg3 Rc6 35. Qh4 Qf6 36. Qa4 Rc7 37. Qa5 Qb6 38. Qa4 Qf6 39. Rdc1 Rdc8
40. Qa3 Qb6 41. Qb2 Qb4 42. Qe2 g6 43. Rd3 Rd7 44. g3 Qe4 45. Qf1 Kf6 46. Rdc3
Rdc7 47. Qa6+ Qe6 48. Qe2 Qe4 49. Qa6+ Qe6 50. Qe2 {Game drawn by mutual
agreement} 1/2-1/2

[Event "Team 45 45 League T60"]
[Site "Internet Chess Club"]
[Date "2014.03.07"]
[Round "2"]
[White "Andaluz"]
[Black "werty"]
[Result "0-1"]
[WhiteElo "1190"]
[BlackElo "1537"]
[Opening "French: Rubinstein variation"]
[ECO "C10"]
[Time "14:30:36"]
[TimeControl "2700+45"]

1. e4 e6 2. d4 d5 3. Nc3 dxe4 4. Nxe4 Nd7 5. a3 Ngf6 6. Nc3 g6 7. Nf3 Bg7 8. Be2
O-O 9. O-O b6 10. Bf4 Bb7 11. Ne5 Nxe5 12. Bxe5 Qe7 13. Bf3 Bxf3 14. Qxf3 Rad8
15. Rfe1 Nd5 16. Bxg7 Kxg7 17. Nxd5 Rxd5 18. Rad1 Rfd8 19. c3 Qf6 20. Qxf6+ Kxf6
21. Kf1 c5 22. Re4 Ke7 23. Ke2 f5 24. Re5 cxd4 25. Rxd5 Rxd5 26. Rxd4 Rxd4 27.
cxd4 Kd6 28. f4 b5 29. b4 Kd5 30. Kd3 h6 31. h4 h5 32. g3 a6 {White resigns} 0-1

[Event "Team 45 45 League T60"]
[Site "Internet Chess Club"]
[Date "2014.03.09"]
[Round "2"]
[White "rookmaster23"]
[Black "Electryon"]
[Result "1-0"]
[WhiteElo "1591"]
[BlackElo "1521"]
[Opening "French: Rubinstein variation"]
[ECO "C10"]
[Time "15:07:25"]
[TimeControl "2700+45"]

1. e4 e6 2. d4 d5 3. Nc3 dxe4 4. Nxe4 Be7 5. Nf3 Nf6 6. Nxf6+ Bxf6 7. c3 Nd7 8.
Bd3 c5 9. dxc5 Nxc5 10. Bb5+ Bd7 11. Bxd7+ Qxd7 12. O-O O-O 13. Qxd7 Nxd7 14.
Rd1 Rfd8 15. Bf4 Rac8 16. Rd2 Nc5 17. Rad1 a6 18. Be3 Ne4 19. Rd3 Rxd3 20. Rxd3
Rd8 21. Rxd8+ Bxd8 22. Nd4 e5 23. Nb3 b6 24. f3 Nd6 25. Nd2 f6 26. c4 Kf7 27. c5
bxc5 28. Bxc5 Ke6 29. Kf2 Kd5 30. Ba3 Nc4 31. Nxc4 Kxc4 32. Ke3 f5 33. h3 Bb6+
34. Ke2 Bc5 35. Bxc5 Kxc5 36. Kd3 Kb4 37. g4 g6 38. h4 a5 39. g5 a4 40. Ke3 Kc4
41. Kd2 Kd4 42. b4 axb3 43. axb3 Kc5 44. Kc3 Kb5 45. b4 Kb6 46. Kc4 Kc6 47. b5+
Kd6 48. b6 Kc6 49. b7 Kxb7 50. Kd5 e4 51. fxe4 f4 52. Kd4 Kc7 53. e5 Kd7 54. Ke4
Ke6 55. Kxf4 Ke7 56. Ke4 Ke6 57. Kd4 Ke7 58. Kd5 Kd7 59. e6+ Ke7 60. Ke5 Ke8 61.
Kf6 Kf8 62. e7+ Ke8 63. Kg7 Kxe7 64. Kxh7 Kf7 65. Kh6 Kg8 66. Kxg6 Kh8 67. Kf7
Kh7 68. g6+ Kh8 69. g7+ {Black resigns} 1-0

[Event "Team 45 45 League T60"]
[Site "Internet Chess Club"]
[Date "2014.03.06"]
[Round "2"]
[White "GideonL"]
[Black "ChessMaine"]
[Result "0-1"]
[WhiteElo "1443"]
[BlackElo "1519"]
[Opening "Bird's opening"]
[ECO "A03"]
[Time "20:02:21"]
[TimeControl "2700+45"]

1. f4 d5 2. Nf3 Nf6 3. e3 Bg4 4. Be2 c5 5. h3 Bxf3 6. Bxf3 e6 7. O-O Nc6 8. b3
Be7 9. Bb2 Qb6 10. a4 a5 11. Qe2 c4 12. Bxf6 Bxf6 13. Ra3 Be7 14. Ra2 Nb4 15.
Rb2 Bf6 16. Nc3 cxb3 17. cxb3 O-O 18. d4 Bxd4 19. Nxd5 exd5 20. exd4 Qxd4+ 21.
Kh1 Rfe8 22. Qb5 Qxb2 {White resigns} 0-1

[Event "Team 45 45 League T60"]
[Site "Internet Chess Club"]
[Date "2014.03.08"]
[Round "2"]
[White "Conjurer"]
[Black "Toalla"]
[Result "1-0"]
[WhiteElo "1233"]
[BlackElo "1267"]
[Opening "Trompowsky attack (Ruth, Opocenský opening)"]
[ECO "A45"]
[Time "13:01:01"]
[TimeControl "2700+45"]

1. d4 Nf6 2. Bg5 d5 3. Bxf6 gxf6 4. e3 Bf5 5. Nc3 c6 6. f4 Nd7 7. g4 Be4 8. Nxe4
dxe4 9. Bc4 Qa5+ 10. c3 e5 11. Ne2 b5 12. Bb3 c5 13. Bd5 Rb8 14. Bxe4 cxd4 15.
exd4 b4 16. Qd2 bxc3 17. bxc3 Qb6 18. O-O Qb2 19. Rad1 Bg7 20. dxe5 Qxd2 21.
Rxd2 fxe5 22. Bc6 Rd8 23. fxe5 Bxe5 24. Rfd1 Rg8 25. Bxd7+ Rxd7 26. Rxd7 Rxg4+
27. Kh1 Rh4 28. Rd8+ Ke7 29. R1d7+ Kf6 30. Kg2 Rxh2+ 31. Kf3 h5 32. Rxa7 h4 33.
Ra6+ Kg7 34. Rd5 Bf6 35. c4 h3 36. Nf4 Rc2 37. Nxh3 Rxc4 38. Nf4 Rc3+ 39. Ke4
Rc1 40. Nh5+ Kg6 41. Rxf6+ {Black resigns} 1-0

[Event "Team 45 45 League T60"]
[Site "Internet Chess Club"]
[Date "2014.03.09"]
[Round "2"]
[White "AdithJosh"]
[Black "Mitochondria"]
[Result "1-0"]
[WhiteElo "1437"]
[BlackElo "1471"]
[Opening "French: advance, Paulsen attack"]
[ECO "C02"]
[Time "18:00:40"]
[TimeControl "2700+45"]

1. e4 e6 2. d4 d5 3. e5 c5 4. c3 Nc6 5. Nf3 cxd4 6. cxd4 Nge7 7. Nc3 Qb6 8. Bd3
Bd7 9. Bc2 Rc8 10. O-O Nb4 11. Bb1 Nec6 12. a3 Na6 13. Na4 Qd8 14. Nc3 Be7 15.
Bd2 Na5 16. Bd3 Nc4 17. Rb1 Nb8 18. Qc2 Nxd2 19. Nxd2 Nc6 20. Nb3 h6 21. f4 O-O
22. f5 Bg5 23. f6 gxf6 24. exf6 Bxf6 25. Qf2 Bg7 26. Qg3 Kh8 27. Rf4 Rg8 28. Qf3
f5 29. Qh3 Qg5 30. Rh4 Kh7 31. Rf1 Rcf8 32. Rg4 Qxg4 33. Qxg4 Kh8 34. Qh5 Be8
35. Qh3 Nxd4 36. Nxd4 Bxd4+ 37. Kh1 Rg6 38. Rf4 Bf6 39. g4 d4 40. gxf5 exf5 41.
Bxf5 Bc6+ 42. Ne4 Bg5 43. Bxg6 Rxf4 44. Kg1 Bxe4 45. Bxe4 Rxe4 46. Qc8+ Kg7 47.
Qxb7+ Re7 48. Qd5 Be3+ 49. Kg2 Rf7 50. Qe5+ Kf8 51. b4 Rf2+ 52. Kg3 Bf4+ 53.
Qxf4+ Rxf4 54. Kxf4 Kf7 55. Ke4 Kf6 56. Kxd4 Kf5 57. Kc5 Kg4 58. Kc6 Kh3 59. Kb7
Kxh2 60. Kxa7 Kg2 61. b5 h5 62. b6 h4 63. b7 h3 64. b8=Q h2 65. Qxh2+ {Black
resigns} 1-0

[Event "Team 45 45 League T60"]
[Site "Internet Chess Club"]
[Date "2014.03.10"]
[Round "2"]
[White "Zyme"]
[Black "dknight"]
[Result "1/2-1/2"]
[WhiteElo "1379"]
[BlackElo "1329"]
[Opening "King's Indian: Four pawns attack"]
[ECO "E76"]
[Time "21:00:24"]
[TimeControl "2700+45"]

1. d4 Nf6 2. c4 g6 3. Nc3 Bg7 4. e4 d6 5. f4 O-O 6. Nf3 Nbd7 7. Be2 b6 8. O-O
Bb7 9. Qc2 Rc8 10. Be3 Ng4 11. Bf2 Nxf2 12. Rxf2 f5 13. e5 dxe5 14. dxe5 Nc5 15.
b4 Ne4 16. Nxe4 fxe4 17. Ng5 e3 18. Rff1 Qe8 19. Ne6 Rf7 20. Nxg7 Kxg7 21. g3
Qd7 22. Bf3 Bxf3 23. Rxf3 Qd4 24. Kg2 Rd8 25. Re1 g5 26. Rfxe3 gxf4 27. Rf3 b5
28. Re4 Qd2+ 29. Qxd2 Rxd2+ 30. Kh3 Rxa2 31. Rfxf4 Rxf4 32. gxf4 a5 33. bxa5 b4
34. c5 b3 35. Rb4 b2 36. f5 Rxa5 37. Rxb2 Rxc5 38. f6+ exf6 39. exf6+ Kxf6 40.
Rb8 Rg5 41. Rc8 c5 42. Rc6+ Ke5 43. Rxc5+ Kf4 44. Rc4+ Kf3 45. Rc3+ Kf4 46. Rg3
Rxg3+ 47. hxg3+ Kg5 48. g4 h5 49. gxh5 Kxh5 {Game drawn because neither player
has mating material} 1/2-1/2

[Event "Team 45 45 League T60"]
[Site "Internet Chess Club"]
[Date "2014.03.09"]
[Round "2"]
[White "Jet1234"]
[Black "conrad9"]
[Result "1-0"]
[WhiteElo "1414"]
[BlackElo "1390"]
[Opening "French: Tarrasch, open variation"]
[ECO "C07"]
[Time "10:03:11"]
[TimeControl "2700+45"]

1. e4 e6 2. d4 d5 3. Nd2 c5 4. c3 Nc6 5. Ngf3 Nf6 6. Bd3 cxd4 7. cxd4 Bb4 8. O-O
Qb6 9. a3 Bxd2 10. e5 Nd7 11. Qxd2 Nxd4 12. Nxd4 Qxd4 13. Re1 O-O 14. Bxh7+ Kxh7
15. Qxd4 Rh8 16. Re3 b6 17. Rh3+ Kg8 18. Rxh8+ Kxh8 19. Qg4 Nc5 20. Qh4+ Kg8 21.
Qg3 Ne4 22. Qg4 Ba6 23. Bh6 g6 24. f3 Nc5 25. h4 Kh7 26. Qg5 Rh8 27. h5 {Black
resigns} 1-0

[Event "Team 45 45 League T60"]
[Site "Internet Chess Club"]
[Date "2014.03.07"]
[Round "2"]
[White "chuckh2"]
[Black "Elton2013"]
[Result "1-0"]
[WhiteElo "1360"]
[BlackElo "1395"]
[Opening "King's Indian: London system"]
[ECO "A48"]
[Time "18:03:44"]
[TimeControl "2700+45"]

1. d4 Nf6 2. Nf3 g6 3. Bf4 d5 4. e3 Bg7 5. Be2 O-O 6. c3 Nbd7 7. h3 c5 8. O-O
Qb6 9. Qb3 c4 10. Qa3 e6 11. b3 Qc6 12. bxc4 dxc4 13. Qd6 Qa4 14. Qb4 Qxb4 15.
cxb4 b5 16. Nc3 a6 17. a4 bxa4 18. Bxc4 Nb6 19. Bd3 Bd7 20. Ne5 Be8 21. Rfc1
Nfd7 22. Be4 Rc8 23. Nxd7 Bxd7 24. Bb7 Rc4 25. Bd6 Rd8 26. Bc5 Bb5 27. Nxb5 axb5
28. Ba6 Nd5 29. Rxc4 bxc4 30. Bxc4 Ra8 31. Ra3 Bf6 32. Bb5 Rb8 33. Bxa4 Nxb4 34.
Rb3 Na6 35. Rxb8+ Nxb8 36. Bb5 e5 37. d5 Bd8 38. Bd6 f6 39. Bxb8 Kf7 40. e4 Bb6
41. Bc4 Ke7 42. Kf1 f5 43. exf5 gxf5 44. Bxe5 Kd7 45. f4 h5 46. h4 Bd8 47. g3
Bb6 48. Be2 Ke7 49. Bxh5 Kd7 50. Bg6 Ke7 51. h5 Kf8 52. h6 Kg8 53. h7+ Kf8 54.
h8=Q+ {Black resigns} 1-0